 Dungeon Crawl Stone Soup version 0.30-a0-335-ge5acde7520 (webtiles) character file.

Game seed: 5137062017028829282

15 Lanoc the Insei (level 2, -6/18 HPs)
             Began as an Octopode Transmuter on Oct 30, 2022.
             Mangled by a gnoll
             ... wielding a +0 spear
              (9 damage)
             ... on level 1 of the Dungeon.
             The game lasted 00:00:56 (582 turns).

Lanoc the Insei (Octopode Transmuter)                Turns: 582, Time: 00:00:56

Health: -6/18      AC:  1    Str:  9    XL:     2   Next: 50%
Magic:  2/5        EV: 13    Int: 15    God:
Gold:   54         SH:  0    Dex: 12    Spells: 2/5 levels left

rFire   . . .      SeeInvis .      - Unarmed
rCold   . . .      Faith    .    (no shield)
rNeg    . . .      Spirit   .    (helmet currently unavailable)
rPois   .          Reflect  .    (no amulet)
rElec   .          Harm     .    (no ring)
rCorr   .          Rampage  .    (no ring)
Will    .....                    (no ring)
Stlth   ++........               (no ring)
HPRegen 0.23/turn                (no ring)
MPRegen 0.09/turn                (no ring)
                                 (no ring)
                                 (no ring)

@: appendages, wereblooded
A: tentacle spike 3, almost no armour, amphibious, 8 rings, camouflage 1,
gelatinous body 1, (nimble swimmer 1), tentacles
a: End Transformation


You were on level 1 of the Dungeon.
One of your tentacles had grown a beastly spike.
You visited 1 branch of the dungeon, and saw 1 of its levels.

You collected 54 gold pieces.

Inventory:

Scrolls
 d - a scroll of enchant armour {unknown}
Potions
 a - a potion of lignification
 b - a potion of curing {unknown}
 c - a potion of invisibility {unknown}


   Skills:
 + Level 1.3 Fighting
 + Level 2.1 Dodging
 * Level 3.2 Unarmed Combat
 - Level 2.0 Spellcasting
 * Level 2.3 Transmutations


You had 2 spell levels left.
You knew the following spells:

 Your Spells              Type           Power      Damage    Failure   Level
a - Beastly Appendage     Tmut           16%        N/A       9%          1
b - Wereblood             Tmut           8%         N/A       13%         2

Your spell library contained the following spells:

 Spells                   Type           Power      Damage    Failure   Level
 Spider Form              Tmut/Pois      5%         N/A       38%         3
 Ice Form                 Ice/Tmut       5%         N/A       80%         4


Dungeon Overview and Level Annotations

Branches:
Dungeon (1/15)

Altars:


Innate Abilities, Weirdness & Mutations

One of your tentacles has grown a beastly spike.
You cannot wear most types of armour.
You are amphibious.
You can wear up to eight rings at the same time.
Your skin changes colour to match your surroundings (Stealth+).
Your rubbery body absorbs attacks. (AC +1, EV +1)
((You are camouflaged when in or above water. (Stealth+)))
You have tentacles for arms and can constrict up to eight enemies at once.


Message History

You squeeze the withered plant, but do no damage.
The withered plant is lightly damaged.
You constrict the withered plant, but do no damage.
You release your grip on the withered plant.
There is a faded altar of an unknown god here.
The withered plant crumbles away.
There is an open door here.
You open the door.
A kobold and a gnoll come into view.
The kobold shouts!
The gnoll shouts!
Found 10 gold pieces.
There is an open door here.
You closely miss the kobold. Your grab misses the kobold.
You closely miss the kobold. Your grab misses the kobold.
The kobold hits you with a +0 club.
You barely miss the kobold. Your grab misses the kobold.
The kobold hits you with a +0 club. The kobold attacks as you move away!
The kobold closely misses you.
Casting: Wereblood (safe; 13% risk of failure)
Confirm with . or Enter, or press ? or * to list all spells.
One of your tentacles grows a vicious spike.
The kobold barely misses you. The gnoll barely misses you.
Casting: Beastly Appendage (safe; 9% risk of failure)
Confirm with . or Enter, or press ? or * to list all spells.
Your blood is infused with primal strength.
The kobold closely misses you. The gnoll closely misses you.
You tentacle-slap the kobold. You grab the kobold.
Your tentacle spike misses the kobold.
The kobold is severely wounded.
You constrict the kobold, but do no damage.
The kobold hits you with a +0 club. The gnoll closely misses you.
You tentacle-slap the kobold but do no damage.
You pierce the kobold.
You feel a bit better.
You kill the kobold!
The gnoll hits you from afar with a +0 spear.
* * * LOW HITPOINT WARNING * * *
You howl as the wereblood boils in your veins!
The gnoll hits you with a +0 spear!
Ouch! That really hurt!
You die...

###.......#####....#
#... ##...............#
.... #
#...........##### ....
# #...........# . #
#...........# .. #
#...........#####... #
#...........#....... #
#...........#....$..
###
####...........@g......
#..
#.............(#.......
#..
#.##...........#.......
#..
#.###############......
#.. #.#....##
#PPPP#...... #..
#.#.....###P.PPP#......
#.. #.'......_..PPPP+
..... #..
###...P.###P.PP.# .....
+.. #....## #.PPP# #..


You could see a gnoll.

Vanquished Creatures
  An endoplasm (D:1)
  A giant cockroach (D:1)
  2 goblins (D:1)
  3 hobgoblins (D:1)
  A kobold (D:1)
  A bat (D:1)
  2 frilled lizards (D:1)
  3 rats (D:1)
14 creatures vanquished.

Vanquished Creatures (others)
  A plant (D:1)
  2 withered plants (D:1)
3 creatures vanquished.

Grand Total: 17 creatures vanquished

Notes
Turn   | Place    | Note
-------+----------+-------------------------------------------
     0 | D:1      | Lanoc the Octopode Transmuter began the quest for the Orb.
     0 | D:1      | Reached XP level 1. HP: 13/13 MP: 3/3
   310 | D:1      | Reached XP level 2. HP: 9/18 MP: 5/5
   317 | D:1      | Learned a level 2 spell: Wereblood
   510 | D:1      | Found a faded altar of an unknown god.
   582 | D:1      | Mangled by a gnoll

Illustrated notes

Levels and vault maps discovered:
D:1:      lemuel_arrival_broad_hall, layout_basic,
          shapermc_ecumenical_altar_flowoftime

Action                   || total
-------------------------++-------
Melee: Unarmed           ||    39
       Constrict         ||    14
       Tentacles         ||     8
       Kick              ||     1
 Cast: Beastly Appendage ||     2
       Wereblood         ||     1
 Stab: Sleeping          ||     2
Armor: Skin              ||     1
Dodge: Dodged            ||    27

Table legend: (Time is in decaauts)
 A = Elapsed time spent in this place.
 B = Non-inter-level travel time spent in this place.
 C = Inter-level travel time spent in this place.
 D = Time resting spent in this place.
 E = Time spent auto-exploring this place.
 F = Levels seen in this place.
 G = Mean time per level.
                   A        B        C        D        E       F      G
               +--------+--------+--------+--------+--------+-----+--------+
         Total |    579 |    575 |      4 |      0 |    492 |   1 |  579.0 |
       Dungeon |    579 |    575 |      4 |      0 |    492 |   1 |  579.0 |
               +--------+--------+--------+--------+--------+-----+--------+

Top non-repeatable levels by time:
     D:1: 579 daAuts
